 Dungeon Crawl Stone Soup version 0.28.0-53-g5a82cb258f (webtiles) character file.

Game seed: 5892017762931850804

1137 Gabide the Stinger (level 8, -1/55 (58) HPs)
             Began as a Formicid Venom Mage on June 12, 2022.
             Slain by a wight
             ... wielding a +5 battleaxe of freezing
              (2 damage)
             ... on level 6 of the Dungeon.
             The game lasted 00:13:02 (6245 turns).

Gabide the Stinger (Formicid Venom Mage)            Turns: 6245, Time: 00:13:03

HP:   -1/55 (58)    AC:  6    Str: 13    XL:     8   Next: 63%
MP:   12/12         EV: 13    Int: 19    God:
Gold: 307           SH:  0    Dex: 15    Spells: 6/13 levels left

rFire   + . .      SeeInvis +   h - +6 rapier "Puathin" {speed, rF+ rN+ Int+2 Dex+4}
rCold   . . .      Faith    .   (no shield)
rNeg    + . .      Spirit   .   e - +0 robe
rPois   .          Reflect  .   (helmet unavailable)
rElec   .          Harm     .   (no cloak)
rCorr   .          Rampage  .   (no gloves)
Will    .....                   (no boots)
Stlth   ++........              (no amulet)
HPRegen 0.18/turn               g - ring of flight
MPRegen 0.13/turn               s - +4 ring of protection

@: flying, drained
A: permanent stasis, dig shafts and tunnels, antennae 3, four strong arms
a: Dig, Shaft Self


You were on level 6 of the Dungeon.
You visited 2 branches of the dungeon, and saw 7 of its levels.

You collected 333 gold pieces.
You spent 26 gold pieces at shops.

Inventory:

Hand Weapons
 h - the +6 rapier "Puathin" (weapon) {speed, rF+ rN+ Int+2 Dex+4}
   (You found it on level 2 of the Dungeon)

   Attacks with this weapon are significantly faster.
   Int:       It affects your intelligence (+2).
   Dex:       It affects your dexterity (+4).
   rF:        It protects you from fire.
   rN:        It protects you from negative energy.
Armour
 e - a +0 robe (worn)
 v - an orb of mayhem
Jewellery
 g - a ring of flight (left hand)
 p - an amulet of faith
 s - a +4 ring of protection (right hand)
Wands
 i - a wand of acid (10)
 k - a wand of flame (10)
 m - a wand of mindburst (15)
 w - a wand of polymorph (10)
Scrolls
 a - a scroll of blinking {unknown}
 b - 3 scrolls of amnesia
 f - a scroll of fear
 o - a scroll of summoning {unknown}
 q - a scroll of enchant armour {unknown}
 r - a scroll of vulnerability {unknown}
 x - a scroll of brand weapon {unknown}
Potions
 c - a potion of curing
 d - a potion of brilliance
 j - 2 potions of magic {unknown}
 l - a potion of attraction {unknown}
 n - a potion of degeneration {unknown}
 t - a potion of heal wounds {unknown}
 u - a potion of flight {unknown}


   Skills:
 - Level 3.0 Fighting
 - Level 4.0 Short Blades
 - Level 3.0 Dodging
 - Level 2.4 Stealth
 - Level 3.0 Spellcasting
 + Level 5.7 Transmutations
 + Level 7.9 Poison Magic


You had 6 spell levels left.
You knew the following spells:

 Your Spells              Type           Power      Damage    Failure   Level
a - Sting                 Tmut/Pois      100%       1d8       1%          1
b - Poisonous Vapours     Pois/Air       34%        N/A       4%          2
c - Olgreb's Toxic Radia  Pois           33%        N/A       6%          4

Your spell library contained the following spells:

 Spells                   Type           Power      Damage    Failure   Level
 Mephitic Cloud           Conj/Pois/Air  12%        N/A       16%         3
 Corpse Rot               Necr/Air       4%         N/A       22%         2
 Petrify                  Tmut/Erth      13%        N/A       43%         4
 Metabolic Englaciation   Hex/Ice        1%         N/A       99%         5
 Statue Form              Tmut/Erth      8%         N/A       100%        6


Dungeon Overview and Level Annotations

Branches:
Dungeon (6/15)             Temple (1/1) D:5

Altars:
Ashenzari
Cheibriados
Dithmenos
Fedhas
Gozag
Hepliaklqana
Kikubaaqudgha
Makhleb
Nemelex Xobeh
Qazlal
Ru
Sif Muna
Zin
The Shining One
Beogh

Shops:
D:1 ([?(

Annotations:
D:3 exclusion: 2 doors
D:6 1 runed translucent door


Innate Abilities, Weirdness & Mutations

You cannot be hasted, slowed, berserked, paralysed or teleported.
You can dig through walls and to a lower floor.
You have a pair of large antennae on your head. (SInv)
Your four strong arms can wield two-handed weapons with a shield.


Message History

The wight hits you with a +0 great sword!
You partially resist.
You feel drained.
You hit the wight.
The wight is moderately damaged.
The wight hits you with a +0 great sword.
You partially resist.
You feel drained.
You completely miss the wight.
The wight is moderately damaged.
You hit the wight.
The wight is heavily damaged.
The wight hits you with a +0 great sword.
You puncture the wight!
You destroy the wight!
Things that are here:
a +0 great sword; a +0 robe You barely miss the wight.
The wight hits you with a +5 battleaxe of freezing!
You partially resist.
You feel drained. The wight freezes you. The wight misses you.
You are too injured to fight recklessly!
You are too injured to fight recklessly!
You are too injured to fight recklessly!
You are too injured to fight recklessly!
You are too injured to fight recklessly!
You are too injured to fight recklessly!
You are too injured to fight recklessly!
You are too injured to fight recklessly!
You are too injured to fight recklessly!
You are too injured to fight recklessly!
You are too injured to fight recklessly!
You are too injured to fight recklessly!
You are too injured to fight recklessly!
You are too injured to fight recklessly!
You are too injured to fight recklessly!
You see here a book of Conjurations.
There is a stone staircase leading up here.
The wight hits you with a +5 battleaxe of freezing!
* * * LOW HITPOINT WARNING * * *
The wight freezes you.
You die...

..... #.. ..... {{{
≈+.#. #....#####
####... ###.$..#...#
.......
......))...##.......
.... #.............
....##.............
..............###.
..........z@..#
.........z....#
..##.....##...# .
##..####......S
##:.# #....... ##..#
#..#.....
...#...###......#.
........)####..>.#
.....##....# ## .#


You could see 2 wights.

Vanquished Creatures
  Grinder (D:3)
  Sigmund (D:5)
  A sky beast (D:5)
  A centaur (D:5)
  A scorpion (D:5)
  A water moccasin skeleton (D:3)
  A wight (D:6)
  2 jellies
  A centaur skeleton (D:3)
  A hound (D:5)
  3 orc priests
  2 iguanas
  2 orc wizards (D:4)
  3 gnolls (D:3)
  A howler monkey zombie (D:6)
  4 adders
  An ufetubus (D:6)
  An adder skeleton (D:5)
  A worm (D:3)
  A dart slug (D:3)
  7 orcs
  6 ball pythons
  6 bats
  An endoplasm (D:1)
  2 giant cockroaches (D:1)
  5 hobgoblins
  4 kobolds
  7 quokkas
  4 frilled lizards
  5 goblins
  5 rats
82 creatures vanquished.

Notes
Turn   | Place    | Note
-------+----------+-------------------------------------------
     0 | D:1      | Gabide the Formicid Venom Mage began the quest for the Orb.
     0 | D:1      | Reached XP level 1. HP: 13/13 MP: 3/3
   227 | D:1      | Found Linn's Antique Weapon Shop.
   256 | D:1      | Reached XP level 2. HP: 16/19 MP: 0/5
   453 | D:1      | Learned a level 2 spell: Poisonous Vapours
   682 | D:1      | Found Athar's Weapon Shop.
   703 | D:1      | Found Maaxtats's Magic Scroll Emporium.
   783 | D:1      | Bought a scroll of identify for 26 gold pieces
  1038 | D:1      | Reached XP level 3. HP: 24/24 MP: 4/6
  1089 | D:1      | Found Zeanojy's Armour Shop.
  1583 | D:2      | Found a faded altar of an unknown god.
  1614 | D:2      | Identified the +6 rapier "Puathin" {speed, rF+ rN+ Int+2
                  | Dex+4}
  2283 | D:3      | Reached skill level 5 in Poison Magic
  2283 | D:3      | Reached XP level 4. HP: 23/30 MP: 3/8
  2292 | D:3      | Reached skill level 1 in Fighting
  2406 | D:3      | Found a blossoming altar of Fedhas.
  2452 | D:3      | Found a glowing silver altar of Zin.
  2492 | D:3      | Noticed Grinder
  2579 | D:3      | Found an opulent altar of Gozag.
  2592 | D:3      | Reached XP level 5. HP: 38/38 MP: 4/9
  3023 | D:3      | Found a broken altar of Ashenzari.
  3042 | D:3      | Reached XP level 6. HP: 24/47 MP: 8/10
  3264 | D:3      | Killed Grinder
  3265 | D:3      | Reached XP level 7. HP: 35/52 MP: 1/11
  3672 | D:4      | Learned a level 4 spell: Olgreb's Toxic Radiance
  4387 | D:5      | Entered Level 5 of the Dungeon
  4499 | D:5      | Reached skill level 6 in Poison Magic
  4793 | D:5      | Reached XP level 8. HP: 51/58 MP: 7/12
  5081 | D:5      | Noticed Sigmund
  5086 | D:5      | Killed Sigmund
  5087 | D:5      | Reached skill level 5 in Transmutations
  5087 | D:5      | Reached skill level 7 in Poison Magic
  5386 | D:5      | Found a shadowy altar of Dithmenos.
  5423 | D:5      | Found a staircase to the Ecumenical Temple.
  5543 | Temple   | Entered the Ecumenical Temple
  5882 | D:6      | Found a runed translucent door.
  6245 | D:6      | HP: 1/55 [wight/+5 battleaxe of freezing (17)]
  6245 | D:6      | Slain by a wight

Illustrated notes

Levels and vault maps discovered:
D:1:      dpeg_arrival_three_smaller_balls, layout_basic, serial_shops,
          nicolae_shop_advertising_works [nicolae_subvault_shop_adworks],
          nicolae_shop_stone, shop, nicolae_shop_statue_plus
D:2:      layout_basic, hellmonk_ecumenical_altar_lost_god
D:3:      layout_loops_cross, mainiacjoe_overflow_brackets,
          evilmike_ruin_ashenzari, jmf_multi_god_temple, uniq_grinder
D:4:      layout_basic, kennysheep_orc_chapel
D:5:      layout_basic, old_standard_altar, minmay_temple_entry_large_hall,
          grunt_ministairs_5, hangedman_decor_peaks_small, uniq_sigmund
D:6:      layout_cave_pools, mainiacjoe_overflow_small_starburst,
          ebering_ghost_sewer_d
Temple:   compressed_dpeg_triangle_lava_temple

Skill      XL: |  1  2  3  4  5  6  7  8 |
---------------+-------------------------+-----
Transmutations | 2 4 5 |  5.7
Poison Magic   | 5 6 7 |  7.9
Spellcasting   | 3 |  3.0
Fighting       | 2 3 |  3.0
Dodging        | 2 3 |  3.0
Short Blades   | 3 4 |  4.0
Stealth        | |  2.4

Action                   |  1- 3 |  4- 6 |  7- 9 || total
-------------------------+-------+-------+-------++-------
Melee: Unarmed           |    14 |       |       ||    14
       Dagger            |     1 |       |       ||     1
       Rapier            |       |    33 |    41 ||    74
 Cast: Sting             |    63 |    43 |    52 ||   158
       Poisonous Vapours |       |       |     9 ||     9
       Olgreb's Toxic Ra |       |       |    11 ||    11
Evoke: Wand              |       |       |     3 ||     3
  Use: Scroll            |     3 |       |     2 ||     5
Armor: Robe              |     6 |     9 |    11 ||    26
Dodge: Dodged            |    14 |    36 |    42 ||    92
